Arizona Coyotes vs Montreal Canadiens

Created - mercredi 23 janvier 2019 at 19:00

Goals
1 2 3 T
Arizona Coyotes 0 2 3 5
Montreal Canadiens 0 1 2 3
Shots
1 2 3 T
Arizona Coyotes 4 13 15 32
Montreal Canadiens 10 7 16 33

1st period

No Goal

Penalties :
No Penalty

2nd period

1. Arizona Coyotes , Jamie McGinn 8 (Max Domi 13, Louis Domingue) at 2:17 (PP)
2. Arizona Coyotes , Tomas Hertl 17 (Leon Draisaitl 29, Louis Domingue) at 14:52 (PP)
3. Montreal Canadiens , Vladimir Sobotka 14 (Jeff Petry 16, Artturi Lehkonen 9) at 17:18

Penalties :
P.K. Subban (MTL) for Holding (Minor) at 1:38, Matt Hendricks (MTL) for Holding (Minor) at 4:59, Chris Wagner (MTL) for Roughing (Minor) at 14:39, Jamie McGinn (ARI) for Slashing (Minor) at 18:20

3rd period

4. Arizona Coyotes , Jordan Martinook 8 (Ryan Sproul 8, Adam Clendening 2) at 1:00
5. Montreal Canadiens , Alexander Radulov 15 (Max Pacioretty 18) at 6:52
6. Arizona Coyotes , Max Domi 10 (Anthony Duclair 17) at 7:36
7. Arizona Coyotes , Nick Cousins 7 (Jordan Martinook 7, Ryan Sproul 9) at 11:07
8. Montreal Canadiens , Anthony Beauvillier 8 (Artturi Lehkonen 10, P.K. Subban 17) at 13:58

Penalties :
No Penalty

Goalie Stats

Louis Domingue (ARI), 30 saves from 33 shots - (0.909), W, 7-5-2, 60:00 minutes
Antti Niemi (MTL), 27 saves from 32 shots - (0.844), L, 4-7-3, 60:00 minutes

Players Stats for Arizona Coyotes

Player Name              G  A  P  +/- PIM S  H  SB GA TA FO     MP     PP MP  PK MP  
------------------------------------------------------------------------------------
Adam Clendening          0  1  1   1  0   0  1  0  0  0  0/0    13:40   0:00   0:00 
Alex Goligoski           0  0  0  -1  0   1  0  1  0  2  0/0    24:49   1:06   0:55 
Anthony Duclair          0  1  1   0  0   5  4  0  0  0  1/2    19:27   1:20   0:00 
Brad Richardson          0  0  0   0  0   0  0  0  0  0  0/0     3:58   0:00   0:00 
Christian Fischer        0  0  0  -2  0   0  0  0  0  0  1/1    18:00   1:28   1:05 
Dylan Strome             0  0  0  -1  0   1  0  0  0  0  1/3    10:23   0:00   0:00 
Jamie McGinn             1  0  1   1  2   2  2  1  0  0  1/2    17:41   1:20   0:00 
Jordan Martinook         1  1  2   2  0   3  0  1  0  1  5/9    13:54   0:03   0:00 
Leon Draisaitl           0  1  1  -2  0   7  1  0  2  0  7/16   17:51   1:31   0:54 
Luke Schenn              0  0  0   1  0   0  4  1  0  0  0/0    21:49   1:45   1:04 
Martin Hanzal            0  0  0  -1  0   0  3  0  0  1  0/0    10:26   0:00   0:00 
Max Domi                 1  1  2   1  0   3  1  0  0  0  8/20   18:42   1:20   1:05 
Nick Cousins             1  0  1   2  0   5  4  1  0  0  0/0    13:45   0:00   0:00 
Peter Holland            0  0  0  -1  0   0  0  0  0  0  0/0    10:56   0:03   0:00 
Ryan Sproul              0  2  2  -1  0   2  2  2  0  1  0/0    26:31   1:06   0:55 
Thomas Hickey            0  0  0   1  0   1  1  1  1  2  0/0    25:08   1:45   1:04 
Tomas Hertl              1  0  1  -2  0   2  2  1  1  0  0/2    17:33   1:28   0:54 
Zac Rinaldo              0  0  0   2  0   0  5  0  0  0  0/0    13:27   0:00   0:00 

Players Stats for Montreal Canadiens

Player Name              G  A  P  +/- PIM S  H  SB GA TA FO     MP     PP MP  PK MP  
------------------------------------------------------------------------------------
Alexander Radulov        1  0  1   1  0   3  0  0  1  0  1/1    14:53   0:52   0:00 
Andrew Shaw              0  0  0  -1  0   2  1  0  0  0  5/12   13:56   1:07   0:00 
Anthony Beauvillier      1  0  1   1  0   4  2  0  1  0  0/2    13:33   0:00   0:00 
Artturi Lehkonen         0  2  2   1  0   1  1  0  0  0  0/0    13:45   0:00   0:12 
Brendan Gallagher        0  0  0  -1  0   7  0  0  0  0  1/2    15:16   1:07   1:15 
Charles Hudon            0  0  0  -1  0   4  1  1  0  0  0/0    16:25   0:00   1:24 
Chris Wagner             0  0  0  -1  2   1  2  0  0  0  0/0    14:57   0:00   0:12 
Esa Lindell              0  0  0   0  0   0  3  1  0  0  0/0    20:40   0:52   1:23 
Francois Beauchemin      0  0  0   0  0   0  2  1  1  0  0/0    17:08   0:00   0:14 
Greg Pateryn             0  0  0   0  0   0  1  0  1  0  0/0    18:04   0:00   1:28 
Jeff Petry               0  1  1   0  0   2  2  2  0  3  0/0    22:08   1:07   1:28 
Matt Hendricks           0  0  0  -1  2   0  3  0  1  0  6/9    15:22   0:00   0:00 
Max Pacioretty           0  1  1   1  0   0  0  0  1  0  2/2    14:50   0:52   0:00 
Mikhail Sergachev        0  0  0   0  0   1  0  0  0  0  0/0    20:13   1:07   0:00 
P.K. Subban              0  1  1   0  2   2  2  1  1  1  0/0    21:10   0:52   1:09 
Tomas Plekanec           0  0  0   1  0   0  2  0  0  0  3/5    13:54   0:00   0:00 
Tomas Tatar              0  0  0  -1  0   3  1  0  0  0  0/0    14:50   1:07   1:15 
Vladimir Sobotka         1  0  1   1  0   3  3  1  0  0  13/22  16:02   0:52   1:24 

3 Stars

1 - Jordan Martinook (ARI)
2 - Nick Cousins (ARI)
3 - Max Domi (ARI)

Power Play

Arizona Coyotes - 2 on 3 Attempt(s) - 66.67%
Montreal Canadiens - 0 on 1 Attempt(s) - 0.00%

Penalty Kill

Arizona Coyotes - 1 on 1 Attempt(s) - 100.00% - Score 0 goal in Penalty Kill
Montreal Canadiens - 1 on 3 Attempt(s) - 33.33% - Score 0 goal in Penalty Kill

Team Stat

Arizona Coyotes - Hits : 30 - Faceoff Wins : 24 - Blocked Shots : 9 - Penalty Minutes : 2
Montreal Canadiens - Hits : 26 - Faceoff Wins : 31 - Blocked Shots : 7 - Penalty Minutes : 6

Official

Referees : Eric Furlatt and Dan O'Halloran
Linesman : Vaughan Rody and David Brisebois

Game Notes

No Game Note

Finance

Level 1 -- Attendance: 8350 (76.61%) -- Ticket Income fr. 668'000
Level 2 -- Attendance: 1996 (88.71%) -- Ticket Income fr. 127'744
Level 3 -- Attendance: 3800 (100.00%) -- Ticket Income fr. 125'400
Level 4 -- Attendance: 1500 (100.00%) -- Ticket Income fr. 30'000
Luxury Box -- Attendance: 50 (100.00%) -- Ticket Income fr. 10'000
Game was played at the Bell Centre.
Total Attendance: 15696 (84.84%)
Total Ticket Income: fr. 961'144
Total Income: fr. 961'144

Arizona Coyotes

5 vs 5 Forward 
   Center                   Left Wing                Right Wing               Time % Phy DF OF 
 1 Leon Draisaitl           Tomas Hertl              Christian Fischer        30     1   2  2  
 2 Max Domi                 Jamie McGinn             Anthony Duclair          30     1   2  2  
 3 Jordan Martinook         Nick Cousins             Zac Rinaldo              25     1   2  2  
 4 Dylan Strome             Peter Holland            Martin Hanzal            15     1   2  2  

5 vs 5 Defense 
   Defense                  Defense                                           Time % Phy DF OF 
 1 Alex Goligoski           Ryan Sproul                                       30     1   2  2  
 2 Thomas Hickey            Luke Schenn                                       30     1   2  2  
 3 Ryan Sproul              Adam Clendening                                   25     1   2  2  
 4 Alex Goligoski           Thomas Hickey                                     15     1   2  2  

PowerPlay Forward 
   Center                   Left Wing                Right Wing               Time % Phy DF OF 
 1 Leon Draisaitl           Tomas Hertl              Christian Fischer        50     1   2  2  
 2 Max Domi                 Jamie McGinn             Anthony Duclair          50     1   2  2  

PowerPlay Defense
   Defense                  Defense                                           Time % Phy DF OF 
 1 Alex Goligoski           Ryan Sproul                                       50     1   2  2  
 2 Thomas Hickey            Luke Schenn                                       50     1   2  2  

Penalty Kill 4 Players Forward 
   Center                   Wing                     Time % Phy DF OF 
 1 Leon Draisaitl           Tomas Hertl              50     1   2  2  
 2 Max Domi                 Christian Fischer        50     1   2  2  

Penalty Kill 4 Players Defense
   Defense                  Defense                  Time % Phy DF OF 
 1 Alex Goligoski           Ryan Sproul              50     1   2  2  
 2 Thomas Hickey            Luke Schenn              50     1   2  2  

Penalty Kill - 3 Players Forward 
   Forward                                           Time % Phy DF OF 
 1 Leon Draisaitl                                    50     1   2  2  
 2 Tomas Hertl                                       50     1   2  2  

Penalty Kill - 3 Players Defense
   Defense                  Defense                  Time % Phy DF OF 
 1 Alex Goligoski           Adam Clendening          50     1   2  2  
 2 Thomas Hickey            Luke Schenn              50     1   2  2  

4 vs 4 Forward 
   Center                   Wing                     Time % Phy DF OF 
 1 Leon Draisaitl           Tomas Hertl              50     1   2  2  
 2 Max Domi                 Christian Fischer        50     1   2  2  

4 vs 4 Defense
   Defense                  Defense                  Time % Phy DF OF 
 1 Alex Goligoski           Ryan Sproul              50     1   2  2  
 2 Thomas Hickey            Luke Schenn              50     1   2  2  

Last Minutes Offensive
   Center                   Left Wing                Right Wing               Defense                  Defense                  
   Leon Draisaitl           Tomas Hertl              Christian Fischer        Alex Goligoski           Thomas Hickey            

Last Minutes Defensive
   Center                   Left Wing                Right Wing               Defense                  Defense                  
   Leon Draisaitl           Tomas Hertl              Christian Fischer        Alex Goligoski           Thomas Hickey            

Goaltenders
Starting : Louis Domingue           
Backup : Devan Dubnyk             

Extra Forwards
Normal : Peter Holland, Jordan Martinook, Nick Cousins - PP : Peter Holland, Jordan Martinook - PK : Nick Cousins
Extra Defensemen
Normal : Ryan Sproul, Adam Clendening, Thomas Hickey - PP : Ryan Sproul - PK : Adam Clendening, Thomas Hickey
Penalty Shots
Leon Draisaitl, Tomas Hertl, Max Domi, Christian Fischer, Jamie McGinn
Custom OT Lines Forwards
Leon Draisaitl, Tomas Hertl, Max Domi, Christian Fischer, Jamie McGinn, Anthony Duclair, Jordan Martinook, Nick Cousins, Dylan Strome, Peter Holland
Custom OT Lines Defensemen
Alex Goligoski, Adam Clendening, Thomas Hickey, Luke Schenn, Ryan Sproul

Scratches
Johnny Boychuk (Exhaustion), Jakob Chychrun (Bruised Left Shoulder Injury), Nicholas Merkley (Healthy)

Montreal Canadiens

5 vs 5 Forward 
   Center                   Left Wing                Right Wing               Time % Phy DF OF 
 1 Tomas Plekanec           Max Pacioretty           Alexander Radulov        25     0   0  0  
 2 Andrew Shaw              Tomas Tatar              Brendan Gallagher        25     0   0  0  
 3 Vladimir Sobotka         Anthony Beauvillier      Artturi Lehkonen         25     0   0  0  
 4 Matt Hendricks           Charles Hudon            Chris Wagner             25     0   0  0  

5 vs 5 Defense 
   Defense                  Defense                                           Time % Phy DF OF 
 1 Esa Lindell              P.K. Subban                                       35     0   0  0  
 2 Mikhail Sergachev        Jeff Petry                                        35     0   0  0  
 3 Francois Beauchemin      Greg Pateryn                                      30     0   0  0  
 4 Jeff Petry               P.K. Subban                                       0      0   0  0  

PowerPlay Forward 
   Center                   Left Wing                Right Wing               Time % Phy DF OF 
 1 Vladimir Sobotka         Max Pacioretty           Alexander Radulov        50     1   2  2  
 2 Andrew Shaw              Tomas Tatar              Brendan Gallagher        50     1   2  2  

PowerPlay Defense
   Defense                  Defense                                           Time % Phy DF OF 
 1 Esa Lindell              P.K. Subban                                       50     1   2  2  
 2 Mikhail Sergachev        Jeff Petry                                        50     1   2  2  

Penalty Kill 4 Players Forward 
   Center                   Wing                     Time % Phy DF OF 
 1 Brendan Gallagher        Tomas Tatar              50     1   2  2  
 2 Vladimir Sobotka         Charles Hudon            50     1   2  2  

Penalty Kill 4 Players Defense
   Defense                  Defense                  Time % Phy DF OF 
 1 Esa Lindell              P.K. Subban              50     1   2  2  
 2 Greg Pateryn             Jeff Petry               50     1   2  2  

Penalty Kill - 3 Players Forward 
   Forward                                           Time % Phy DF OF 
 1 Brendan Gallagher                                 50     1   2  2  
 2 Charles Hudon                                     50     1   2  2  

Penalty Kill - 3 Players Defense
   Defense                  Defense                  Time % Phy DF OF 
 1 Esa Lindell              P.K. Subban              50     1   2  2  
 2 Greg Pateryn             Jeff Petry               50     1   2  2  

4 vs 4 Forward 
   Center                   Wing                     Time % Phy DF OF 
 1 Tomas Plekanec           Max Pacioretty           50     1   2  2  
 2 Andrew Shaw              Alexander Radulov        50     1   2  2  

4 vs 4 Defense
   Defense                  Defense                  Time % Phy DF OF 
 1 Esa Lindell              P.K. Subban              50     1   2  2  
 2 Mikhail Sergachev        Jeff Petry               50     1   2  2  

Last Minutes Offensive
   Center                   Left Wing                Right Wing               Defense                  Defense                  
   Vladimir Sobotka         Brendan Gallagher        Alexander Radulov        Jeff Petry               P.K. Subban              

Last Minutes Defensive
   Center                   Left Wing                Right Wing               Defense                  Defense                  
   Tomas Plekanec           Matt Hendricks           Chris Wagner             Jeff Petry               P.K. Subban              

Goaltenders
Starting : Antti Niemi              
Backup : Carey Price              

Extra Forwards
Normal : Brendan Gallagher, Alexander Radulov, Tomas Tatar - PP : Tomas Tatar, Artturi Lehkonen - PK : Artturi Lehkonen
Extra Defensemen
Normal : P.K. Subban, Jeff Petry, Esa Lindell - PP : Francois Beauchemin - PK : P.K. Subban, Francois Beauchemin
Penalty Shots
Alexander Radulov, Tomas Tatar, Brendan Gallagher, Anthony Beauvillier, Max Pacioretty
Custom OT Lines Forwards
Vladimir Sobotka, Alexander Radulov, Brendan Gallagher, Max Pacioretty, Andrew Shaw, Tomas Tatar, Anthony Beauvillier, Charles Hudon, Tomas Plekanec, Artturi Lehkonen
Custom OT Lines Defensemen
P.K. Subban, Jeff Petry, Mikhail Sergachev, Esa Lindell, Francois Beauchemin

Scratches
Kenny Agostino (Healthy), Al Montoya (Healthy), Alex Lyon (Healthy)

% Time on Ice - Arizona Coyotes

Lines # - Real PCT - Wanted PCT - Time Play
Normal Forward
1 - 27% - 30% - 15:06
2 - 29% - 30% - 16:14
3 - 24% - 25% - 13:27
4 - 19% - 15% - 10:23
Normal Defense
1 - 30% - 30% - 16:38
2 - 32% - 30% - 17:27
3 - 24% - 25% - 13:22
4 - 14% - 15% - 7:43
PP Forward
1 - 53% - 50% - 1:31
2 - 47% - 50% - 1:20
PP Defense
1 - 39% - 50% - 1:06
2 - 61% - 50% - 1:45
PK Forward
1 - 45% - 50% - 0:54
2 - 55% - 50% - 1:05
PK Defense
1 - 46% - 50% - 0:55
2 - 54% - 50% - 1:04
PK3 Forward
1 - 0% - 50%
2 - 0% - 50%
PK3 Defense
1 - 0% - 50%
2 - 0% - 50%
44 Forward
1 - 0% - 50%
2 - 0% - 50%
44 Defense
1 - 0% - 50%
2 - 0% - 50%
Last Minute Offensive  - 0:00
Last Minute Defensive  - 0:00
Total
Forward - 60:00
Defense - 60:00

% Time on Ice - Montreal Canadiens

Lines # - Real PCT - Wanted PCT - Time Play
Normal Forward
1 - 26% - 25% - 14:20
2 - 23% - 25% - 12:46
3 - 25% - 25% - 13:33
4 - 26% - 25% - 14:31
Normal Defense
1 - 34% - 35% - 18:43
2 - 35% - 35% - 19:24
3 - 30% - 30% - 16:36
4 - 1% - 0% - 0:27
PP Forward
1 - 44% - 50% - 0:52
2 - 56% - 50% - 1:07
PP Defense
1 - 44% - 50% - 0:52
2 - 56% - 50% - 1:07
PK Forward
1 - 51% - 50% - 1:27
2 - 49% - 50% - 1:24
PK Defense
1 - 49% - 50% - 1:23
2 - 51% - 50% - 1:28
PK3 Forward
1 - 0% - 50%
2 - 0% - 50%
PK3 Defense
1 - 0% - 50%
2 - 0% - 50%
44 Forward
1 - 0% - 50%
2 - 0% - 50%
44 Defense
1 - 0% - 50%
2 - 0% - 50%
Last Minute Offensive  - 0:00
Last Minute Defensive  - 0:00
Total
Forward - 60:00
Defense - 60:00

Play-by-Play

1st period


0:01 of 1st period - Max Pacioretty wins face-off versus Leon Draisaitl in neutral zone.
1:05 of 1st period - Snap shot by Leon Draisaitl.
1:05 of 1st period - Stopped by Antti Niemi without a rebound.
1:06 of 1st period - Max Domi wins face-off versus Andrew Shaw in Montreal Canadiens zone.
1:14 of 1st period - Off-side.
1:15 of 1st period - Brendan Gallagher wins face-off versus Anthony Duclair in neutral zone.
1:42 of 1st period - Tomas Tatar is hit by Anthony Duclair and loses puck.
2:05 of 1st period - Jamie McGinn is hit by Tomas Tatar and loses puck.
2:16 of 1st period - Slapshot by Tomas Tatar.
2:16 of 1st period - Deflect By Brendan Gallagher.
2:16 of 1st period - Stopped by Louis Domingue without a rebound.
2:17 of 1st period - Vladimir Sobotka wins face-off versus Jordan Martinook in Arizona Coyotes zone.
2:18 of 1st period - Wrist shot by Anthony Beauvillier.
2:18 of 1st period - Deflect By Vladimir Sobotka.
2:18 of 1st period - Stopped by Louis Domingue without a rebound.
2:19 of 1st period - Vladimir Sobotka wins face-off versus Jordan Martinook in Arizona Coyotes zone.
2:22 of 1st period - Snap shot by Anthony Beauvillier.
2:22 of 1st period - Shot Misses the Net.
3:30 of 1st period - Alex Goligoski is hit by P.K. Subban.
3:34 of 1st period - Alex Goligoski is hit by Vladimir Sobotka.
3:44 of 1st period - Francois Beauchemin is hit by Thomas Hickey and loses puck.
4:20 of 1st period - Luke Schenn is hit by Francois Beauchemin and loses puck.
6:50 of 1st period - Wrist shot by Charles Hudon.
6:50 of 1st period - Stopped by Louis Domingue without a rebound.
6:51 of 1st period - Jordan Martinook wins face-off versus Matt Hendricks in Arizona Coyotes zone.
6:58 of 1st period - Slapshot by Alex Goligoski.
6:58 of 1st period - Stopped by Antti Niemi with a rebound.
7:04 of 1st period - Zac Rinaldo is hit by Chris Wagner and loses puck.
7:09 of 1st period - Snap shot by Charles Hudon.
7:09 of 1st period - Shot Misses the Net.
7:11 of 1st period - Snap shot by Greg Pateryn.
7:11 of 1st period - Shot Blocked by Nick Cousins.
7:13 of 1st period - Slapshot by Chris Wagner.
7:13 of 1st period - Shot Misses the Net.
7:21 of 1st period - Charles Hudon is hit by Nick Cousins and loses puck.
7:28 of 1st period - Thomas Hickey is hit by Matt Hendricks.
7:32 of 1st period - Snap shot by Charles Hudon.
7:32 of 1st period - Deflect By Jordan Martinook.
7:32 of 1st period - Stopped by Louis Domingue with a rebound.
7:42 of 1st period - Snap shot by Zac Rinaldo.
7:42 of 1st period - Shot Misses the Net.
7:48 of 1st period - Thomas Hickey is hit by Francois Beauchemin and loses puck.
8:01 of 1st period - Wrist shot by Charles Hudon.
8:01 of 1st period - Shot Misses the Net.
8:03 of 1st period - Snap shot by Matt Hendricks.
8:03 of 1st period - Deflect By Charles Hudon.
8:03 of 1st period - Shot Misses the Net.
8:03 of 1st period - Puck is out of play.
8:04 of 1st period - Max Domi wins face-off versus Vladimir Sobotka in Arizona Coyotes zone.
8:56 of 1st period - Wrist shot by Alexander Radulov.
8:56 of 1st period - Stopped by Louis Domingue without a rebound.
8:57 of 1st period - Vladimir Sobotka wins face-off versus Max Domi in Arizona Coyotes zone.
9:04 of 1st period - Anthony Beauvillier is hit by Jamie McGinn and loses puck.
9:11 of 1st period - Snap shot by Anthony Duclair.
9:11 of 1st period - Shot Blocked by P.K. Subban.
9:42 of 1st period - Tomas Hertl is hit by P.K. Subban.
10:04 of 1st period - Slapshot by Anthony Duclair.
10:04 of 1st period - Stopped by Antti Niemi without a rebound.
10:05 of 1st period - Matt Hendricks wins face-off versus Max Domi in Montreal Canadiens zone.
10:05 of 1st period - Matt Hendricks is hit by Jamie McGinn.
10:31 of 1st period - Anthony Beauvillier is hit by Zac Rinaldo and loses puck.
10:49 of 1st period - Backhand shot by Tomas Tatar.
10:49 of 1st period - Stopped by Louis Domingue without a rebound.
10:50 of 1st period - Dylan Strome wins face-off versus Andrew Shaw in Arizona Coyotes zone.
10:59 of 1st period - Snap shot by Brendan Gallagher.
10:59 of 1st period - Stopped by Louis Domingue with a rebound.
11:01 of 1st period - Snap shot by Tomas Tatar.
11:01 of 1st period - Stopped by Louis Domingue with a rebound.
11:09 of 1st period - Dylan Strome is hit by Greg Pateryn and loses puck.
11:20 of 1st period - Wrist shot by Brendan Gallagher.
11:20 of 1st period - Shot Misses the Net.
11:24 of 1st period - Slapshot by Andrew Shaw.
11:24 of 1st period - Shot Misses the Net.
11:50 of 1st period - Slapshot by Brendan Gallagher.
11:50 of 1st period - Shot Blocked by Thomas Hickey.
11:52 of 1st period - Slapshot by Greg Pateryn.
11:52 of 1st period - Shot Misses the Net.
11:54 of 1st period - Wrist shot by Andrew Shaw.
11:54 of 1st period - Shot Misses the Net.
12:24 of 1st period - Slapshot by Thomas Hickey.
12:24 of 1st period - Shot Misses the Net.
12:46 of 1st period - Wrist shot by Brendan Gallagher.
12:46 of 1st period - Deflect By Andrew Shaw.
12:46 of 1st period - Stopped by Louis Domingue without a rebound.
12:47 of 1st period - Vladimir Sobotka wins face-off versus Max Domi in Arizona Coyotes zone.
12:48 of 1st period - Slapshot by Jeff Petry.
12:48 of 1st period - Shot Blocked by Ryan Sproul.
12:50 of 1st period - Slapshot by Jeff Petry.
12:50 of 1st period - Stopped by Louis Domingue without a rebound.
12:51 of 1st period - Max Domi wins face-off versus Vladimir Sobotka in Arizona Coyotes zone.
12:51 of 1st period - Max Domi is hit by Artturi Lehkonen.
13:03 of 1st period - Wrist shot by Max Domi.
13:03 of 1st period - Stopped by Antti Niemi with a rebound.
13:34 of 1st period - Max Pacioretty is hit by Zac Rinaldo and loses puck.
13:53 of 1st period - Anthony Duclair is hit by Anthony Beauvillier and loses puck.
14:50 of 1st period - Leon Draisaitl is hit by Chris Wagner and loses puck.
15:23 of 1st period - Nick Cousins is hit by Matt Hendricks and loses puck.
Goals for this period are 0 for Arizona Coyotes vs 0 for Montreal Canadiens.
Shots for this period are 4 for Arizona Coyotes vs 10 for Montreal Canadiens.

2nd period


0:01 of 2nd period - Vladimir Sobotka wins face-off versus Max Domi in neutral zone.
0:06 of 2nd period - Snap shot by Anthony Beauvillier.
0:06 of 2nd period - Stopped by Louis Domingue with a rebound.
0:08 of 2nd period - Backhand shot by Esa Lindell.
0:08 of 2nd period - Shot Misses the Net.
0:47 of 2nd period - Wrist shot by Brendan Gallagher.
0:47 of 2nd period - Shot Blocked by Jordan Martinook.
0:59 of 2nd period - Francois Beauchemin is hit by Nick Cousins.
1:13 of 2nd period - Wrist shot by Alexander Radulov.
1:13 of 2nd period - Stopped by Louis Domingue with a rebound.
1:38 of 2nd period - Minor Penalty to P.K. Subban for Holding.
1:39 of 2nd period - Leon Draisaitl wins face-off versus Brendan Gallagher in Montreal Canadiens zone.
1:47 of 2nd period - Wrist shot by Leon Draisaitl.
1:47 of 2nd period - Shot Misses the Net.
2:17 of 2nd period - Wrist shot by Jamie McGinn.
2:17 of 2nd period - Goal by Jamie McGinn - Arizona Coyotes : 1 - Montreal Canadiens : 0.
2:18 of 2nd period - Matt Hendricks wins face-off versus Leon Draisaitl in neutral zone.
2:54 of 2nd period - Wrist shot by Leon Draisaitl.
2:54 of 2nd period - Shot Misses the Net.
2:56 of 2nd period - Wrist shot by Leon Draisaitl.
2:56 of 2nd period - Stopped by Antti Niemi with a rebound.
2:58 of 2nd period - Slapshot by Luke Schenn.
2:58 of 2nd period - Shot Blocked by Esa Lindell.
3:00 of 2nd period - Wrist shot by Tomas Hertl.
3:00 of 2nd period - Deflect By Leon Draisaitl.
3:00 of 2nd period - Stopped by Antti Niemi without a rebound.
3:01 of 2nd period - Vladimir Sobotka wins face-off versus Max Domi in Montreal Canadiens zone.
3:25 of 2nd period - Francois Beauchemin is hit by Zac Rinaldo and loses puck.
3:49 of 2nd period - Alex Goligoski is hit by Jeff Petry and loses puck.
4:12 of 2nd period - Max Pacioretty is hit by Anthony Duclair and loses puck.
4:59 of 2nd period - Minor Penalty to Matt Hendricks for Holding.
5:00 of 2nd period - Max Domi wins face-off versus Vladimir Sobotka in Montreal Canadiens zone.
5:07 of 2nd period - Snap shot by Anthony Duclair.
5:07 of 2nd period - Stopped by Antti Niemi without a rebound.
5:08 of 2nd period - Vladimir Sobotka wins face-off versus Max Domi in Montreal Canadiens zone.
5:14 of 2nd period - Esa Lindell is hit by Anthony Duclair and loses puck.
6:59 of 2nd period - Penalty to Matt Hendricks is over, Matt Hendricks is back on ice.
7:15 of 2nd period - Esa Lindell is hit by Ryan Sproul and loses puck.
10:23 of 2nd period - Peter Holland is hit by Esa Lindell and loses puck.
10:37 of 2nd period - Icing by Tomas Tatar.
10:38 of 2nd period - Anthony Duclair wins face-off versus Vladimir Sobotka in Montreal Canadiens zone.
10:43 of 2nd period - Slapshot by Anthony Duclair.
10:43 of 2nd period - Stopped by Antti Niemi with a rebound.
11:04 of 2nd period - Jamie McGinn is hit by Andrew Shaw and loses puck.
11:24 of 2nd period - Ryan Sproul is hit by Charles Hudon and loses puck.
11:39 of 2nd period - Ryan Sproul is hit by Tomas Plekanec and loses puck.
11:52 of 2nd period - Luke Schenn is hit by Vladimir Sobotka and loses puck.
12:11 of 2nd period - Luke Schenn is hit by Matt Hendricks and loses puck.
12:18 of 2nd period - Snap shot by Tomas Hertl.
12:18 of 2nd period - Shot Misses the Net.
12:40 of 2nd period - Andrew Shaw is hit by Martin Hanzal and loses puck.
12:57 of 2nd period - Snap shot by Artturi Lehkonen.
12:57 of 2nd period - Shot Misses the Net.
12:59 of 2nd period - Slapshot by Greg Pateryn.
12:59 of 2nd period - Shot Misses the Net.
13:01 of 2nd period - Backhand shot by Francois Beauchemin.
13:01 of 2nd period - Shot Blocked by Alex Goligoski.
13:37 of 2nd period - Wrist shot by Brendan Gallagher.
13:37 of 2nd period - Stopped by Louis Domingue with a rebound.
13:39 of 2nd period - Slapshot by Jeff Petry.
13:39 of 2nd period - Stopped by Louis Domingue with a rebound.
13:51 of 2nd period - Snap shot by Nick Cousins.
13:51 of 2nd period - Stopped by Antti Niemi with a rebound.
14:07 of 2nd period - Anthony Duclair is hit by Tomas Plekanec and loses puck.
14:20 of 2nd period - Peter Holland is hit by Anthony Beauvillier and loses puck.
14:39 of 2nd period - Minor Penalty to Chris Wagner for Roughing.
14:40 of 2nd period - Christian Fischer wins face-off versus Vladimir Sobotka in Montreal Canadiens zone.
14:42 of 2nd period - Wrist shot by Leon Draisaitl.
14:42 of 2nd period - Stopped by Antti Niemi without a rebound.
14:43 of 2nd period - Vladimir Sobotka wins face-off versus Leon Draisaitl in Montreal Canadiens zone.
14:52 of 2nd period - Wrist shot by Tomas Hertl.
14:52 of 2nd period - Goal by Tomas Hertl - Arizona Coyotes : 2 - Montreal Canadiens : 0.
14:53 of 2nd period - Jamie McGinn wins face-off versus Matt Hendricks in neutral zone.
14:56 of 2nd period - Esa Lindell is hit by Max Domi and loses puck.
15:24 of 2nd period - Slapshot by Thomas Hickey.
15:24 of 2nd period - Shot Blocked by Vladimir Sobotka.
15:27 of 2nd period - Icing by Artturi Lehkonen.
15:28 of 2nd period - Jordan Martinook wins face-off versus Anthony Beauvillier in Montreal Canadiens zone.
15:51 of 2nd period - Slapshot by Anthony Beauvillier.
15:51 of 2nd period - Shot Blocked by Luke Schenn.
15:53 of 2nd period - Backhand shot by P.K. Subban.
15:53 of 2nd period - Shot Misses the Net.
15:55 of 2nd period - Slapshot by P.K. Subban.
15:55 of 2nd period - Deflect By Anthony Beauvillier.
15:55 of 2nd period - Stopped by Louis Domingue without a rebound.
15:56 of 2nd period - Matt Hendricks wins face-off versus Max Domi in Arizona Coyotes zone.
16:07 of 2nd period - Slapshot by Alex Goligoski.
16:07 of 2nd period - Deflect By Anthony Duclair.
16:07 of 2nd period - Stopped by Antti Niemi with a rebound.
16:09 of 2nd period - Wrist shot by Max Domi.
16:09 of 2nd period - Stopped by Antti Niemi with a rebound.
16:11 of 2nd period - Slapshot by Ryan Sproul.
16:11 of 2nd period - Shot Misses the Net.
16:33 of 2nd period - Icing by Chris Wagner.
16:34 of 2nd period - Leon Draisaitl wins face-off versus Matt Hendricks in Montreal Canadiens zone.
16:45 of 2nd period - Snap shot by Tomas Hertl.
16:45 of 2nd period - Deflect By Leon Draisaitl.
16:45 of 2nd period - Shot Misses the Net.
16:45 of 2nd period - Puck is out of play.
16:46 of 2nd period - Alexander Radulov wins face-off versus Max Domi in Montreal Canadiens zone.
16:46 of 2nd period - Alexander Radulov is hit by Luke Schenn.
17:18 of 2nd period - Slapshot by Jeff Petry.
17:18 of 2nd period - Deflect By Vladimir Sobotka.
17:18 of 2nd period - Goal by Vladimir Sobotka - Arizona Coyotes : 2 - Montreal Canadiens : 1.
17:19 of 2nd period - Tomas Plekanec wins face-off versus Max Domi in neutral zone.
17:23 of 2nd period - Icing by Max Domi.
17:24 of 2nd period - Tomas Plekanec wins face-off versus Max Domi in Arizona Coyotes zone.
17:51 of 2nd period - Snap shot by Tomas Hertl.
17:51 of 2nd period - Shot Misses the Net.
17:53 of 2nd period - Wrist shot by Ryan Sproul.
17:53 of 2nd period - Stopped by Antti Niemi with a rebound.
17:55 of 2nd period - Wrist shot by Leon Draisaitl.
17:55 of 2nd period - Stopped by Antti Niemi with a rebound.
18:01 of 2nd period - Snap shot by Leon Draisaitl.
18:01 of 2nd period - Stopped by Antti Niemi without a rebound.
18:02 of 2nd period - Jordan Martinook wins face-off versus Andrew Shaw in Montreal Canadiens zone.
18:12 of 2nd period - Icing by P.K. Subban.
18:13 of 2nd period - Andrew Shaw wins face-off versus Max Domi in Montreal Canadiens zone.
18:13 of 2nd period - Andrew Shaw is hit by Luke Schenn.
18:20 of 2nd period - Minor Penalty to Jamie McGinn for Slashing.
18:21 of 2nd period - Vladimir Sobotka wins face-off versus Leon Draisaitl in Arizona Coyotes zone.
18:34 of 2nd period - Slapshot by Alexander Radulov.
18:34 of 2nd period - Shot Blocked by Tomas Hertl.
18:36 of 2nd period - Snap shot by Vladimir Sobotka.
18:36 of 2nd period - Shot Misses the Net.
18:54 of 2nd period - Wrist shot by Tomas Tatar.
18:54 of 2nd period - Stopped by Louis Domingue with a rebound.
19:51 of 2nd period - Mikhail Sergachev is hit by Tomas Hertl and loses puck.
Goals for this period are 2 for Arizona Coyotes vs 1 for Montreal Canadiens.
Shots for this period are 13 for Arizona Coyotes vs 7 for Montreal Canadiens.

3rd period


0:01 of 3rd period - Max Domi wins face-off versus Andrew Shaw in neutral zone.
0:20 of 3rd period - Penalty to Jamie McGinn is over, Jamie McGinn is back on ice.
0:26 of 3rd period - Snap shot by Charles Hudon.
0:26 of 3rd period - Shot Misses the Net.
0:28 of 3rd period - Slapshot by P.K. Subban.
0:28 of 3rd period - Stopped by Louis Domingue with a rebound.
0:30 of 3rd period - Wrist shot by Charles Hudon.
0:30 of 3rd period - Deflect By Chris Wagner.
0:30 of 3rd period - Shot Misses the Net.
0:30 of 3rd period - Puck is out of play.
0:31 of 3rd period - Matt Hendricks wins face-off versus Jordan Martinook in Arizona Coyotes zone.
1:00 of 3rd period - Slapshot by Jordan Martinook.
1:00 of 3rd period - Goal by Jordan Martinook - Arizona Coyotes : 3 - Montreal Canadiens : 1.
1:01 of 3rd period - Leon Draisaitl wins face-off versus Tomas Plekanec in neutral zone.
1:04 of 3rd period - Wrist shot by Leon Draisaitl.
1:04 of 3rd period - Shot Blocked by Francois Beauchemin.
1:16 of 3rd period - Wrist shot by Alexander Radulov.
1:16 of 3rd period - Shot Misses the Net.
1:30 of 3rd period - Max Domi is hit by Jeff Petry and loses puck.
1:59 of 3rd period - Wrist shot by Brendan Gallagher.
1:59 of 3rd period - Stopped by Louis Domingue with a rebound.
2:13 of 3rd period - P.K. Subban is hit by Nick Cousins and loses puck.
2:29 of 3rd period - Snap shot by Nick Cousins.
2:29 of 3rd period - Deflect By Jordan Martinook.
2:29 of 3rd period - Stopped by Antti Niemi without a rebound.
2:30 of 3rd period - Andrew Shaw wins face-off versus Leon Draisaitl in Montreal Canadiens zone.
2:43 of 3rd period - Francois Beauchemin is hit by Luke Schenn and loses puck.
2:56 of 3rd period - Anthony Duclair is hit by Vladimir Sobotka and loses puck.
3:17 of 3rd period - Jeff Petry is hit by Martin Hanzal and loses puck.
3:26 of 3rd period - Snap shot by Dylan Strome.
3:26 of 3rd period - Shot Misses the Net.
3:36 of 3rd period - Matt Hendricks is hit by Adam Clendening and loses puck.
4:40 of 3rd period - Andrew Shaw is hit by Martin Hanzal and loses puck.
5:06 of 3rd period - Jeff Petry is hit by Tomas Hertl and loses puck.
5:21 of 3rd period - Snap shot by Anthony Beauvillier.
5:21 of 3rd period - Stopped by Louis Domingue with a rebound.
5:23 of 3rd period - Snap shot by Vladimir Sobotka.
5:23 of 3rd period - Shot Misses the Net.
5:25 of 3rd period - Wrist shot by Artturi Lehkonen.
5:25 of 3rd period - Stopped by Louis Domingue with a rebound.
6:19 of 3rd period - Esa Lindell is hit by Leon Draisaitl.
6:52 of 3rd period - Snap shot by Alexander Radulov.
6:52 of 3rd period - Goal by Alexander Radulov - Arizona Coyotes : 3 - Montreal Canadiens : 2.
6:53 of 3rd period - Vladimir Sobotka wins face-off versus Tomas Hertl in neutral zone.
7:04 of 3rd period - Slapshot by Artturi Lehkonen.
7:04 of 3rd period - Deflect By Anthony Beauvillier.
7:04 of 3rd period - Deflect By Christian Fischer.
7:04 of 3rd period - Shot Misses the Net.
7:04 of 3rd period - Puck is out of play.
7:05 of 3rd period - Andrew Shaw wins face-off versus Tomas Hertl in Arizona Coyotes zone.
7:16 of 3rd period - Brendan Gallagher is hit by Luke Schenn and loses puck.
7:36 of 3rd period - Wrist shot by Max Domi.
7:36 of 3rd period - Goal by Max Domi - Arizona Coyotes : 4 - Montreal Canadiens : 2.
7:37 of 3rd period - Matt Hendricks wins face-off versus Max Domi in neutral zone.
7:46 of 3rd period - Snap shot by Charles Hudon.
7:46 of 3rd period - Shot Blocked by Jamie McGinn.
7:48 of 3rd period - Wrist shot by Chris Wagner.
7:48 of 3rd period - Shot Misses the Net.
7:50 of 3rd period - Slapshot by Chris Wagner.
7:50 of 3rd period - Stopped by Louis Domingue with a rebound.
7:52 of 3rd period - Slapshot by Mikhail Sergachev.
7:52 of 3rd period - Deflect By Matt Hendricks.
7:52 of 3rd period - Shot Misses the Net.
7:52 of 3rd period - Puck is out of play.
7:53 of 3rd period - Leon Draisaitl wins face-off versus Anthony Beauvillier in Arizona Coyotes zone.
8:00 of 3rd period - Wrist shot by Leon Draisaitl.
8:00 of 3rd period - Deflect By Tomas Hertl.
8:00 of 3rd period - Shot Misses the Net.
8:00 of 3rd period - Puck is out of play.
8:01 of 3rd period - Leon Draisaitl wins face-off versus Vladimir Sobotka in Montreal Canadiens zone.
8:02 of 3rd period - Snap shot by Tomas Hertl.
8:02 of 3rd period - Stopped by Antti Niemi without a rebound.
8:03 of 3rd period - Leon Draisaitl wins face-off versus Vladimir Sobotka in Montreal Canadiens zone.
8:12 of 3rd period - Slapshot by Leon Draisaitl.
8:12 of 3rd period - Stopped by Antti Niemi without a rebound.
8:13 of 3rd period - Max Domi wins face-off versus Andrew Shaw in Montreal Canadiens zone.
8:14 of 3rd period - Snap shot by Anthony Duclair.
8:14 of 3rd period - Stopped by Antti Niemi with a rebound.
8:22 of 3rd period - Wrist shot by Andrew Shaw.
8:22 of 3rd period - Stopped by Louis Domingue with a rebound.
8:24 of 3rd period - Snap shot by Brendan Gallagher.
8:24 of 3rd period - Shot Misses the Net.
8:38 of 3rd period - Charles Hudon is hit by Ryan Sproul and loses puck.
9:05 of 3rd period - Slapshot by Ryan Sproul.
9:05 of 3rd period - Shot Blocked by Charles Hudon.
9:07 of 3rd period - Wrist shot by Ryan Sproul.
9:07 of 3rd period - Shot Misses the Net.
9:09 of 3rd period - Snap shot by Martin Hanzal.
9:09 of 3rd period - Shot Misses the Net.
9:11 of 3rd period - Snap shot by Adam Clendening.
9:11 of 3rd period - Shot Misses the Net.
10:23 of 3rd period - Wrist shot by Dylan Strome.
10:23 of 3rd period - Stopped by Antti Niemi without a rebound.
10:24 of 3rd period - Max Pacioretty wins face-off versus Dylan Strome in Montreal Canadiens zone.
10:55 of 3rd period - Snap shot by Nick Cousins.
10:55 of 3rd period - Stopped by Antti Niemi without a rebound.
10:56 of 3rd period - Jordan Martinook wins face-off versus Andrew Shaw in Montreal Canadiens zone.
10:57 of 3rd period - Snap shot by Nick Cousins.
10:57 of 3rd period - Stopped by Antti Niemi with a rebound.
10:59 of 3rd period - Slapshot by Adam Clendening.
10:59 of 3rd period - Shot Blocked by Jeff Petry.
11:05 of 3rd period - Wrist shot by Jordan Martinook.
11:05 of 3rd period - Stopped by Antti Niemi with a rebound.
11:07 of 3rd period - Wrist shot by Nick Cousins.
11:07 of 3rd period - Goal by Nick Cousins - Arizona Coyotes : 5 - Montreal Canadiens : 2.
11:08 of 3rd period - Max Domi wins face-off versus Vladimir Sobotka in neutral zone.
11:11 of 3rd period - Mikhail Sergachev is hit by Anthony Duclair and loses puck.
11:32 of 3rd period - Jeff Petry is hit by Zac Rinaldo and loses puck.
11:39 of 3rd period - Slapshot by Mikhail Sergachev.
11:39 of 3rd period - Stopped by Louis Domingue without a rebound.
11:40 of 3rd period - Leon Draisaitl wins face-off versus Andrew Shaw in Arizona Coyotes zone.
11:53 of 3rd period - Slapshot by Andrew Shaw.
11:53 of 3rd period - Shot Misses the Net.
12:07 of 3rd period - Francois Beauchemin is hit by Nick Cousins and loses puck.
12:14 of 3rd period - Slapshot by Nick Cousins.
12:14 of 3rd period - Shot Misses the Net.
12:16 of 3rd period - Slapshot by Ryan Sproul.
12:16 of 3rd period - Stopped by Antti Niemi with a rebound.
12:18 of 3rd period - Snap shot by Nick Cousins.
12:18 of 3rd period - Shot Misses the Net.
12:30 of 3rd period - Wrist shot by Charles Hudon.
12:30 of 3rd period - Stopped by Louis Domingue without a rebound.
12:31 of 3rd period - Matt Hendricks wins face-off versus Jamie McGinn in Arizona Coyotes zone.
12:32 of 3rd period - Snap shot by Charles Hudon.
12:32 of 3rd period - Stopped by Louis Domingue with a rebound.
12:44 of 3rd period - Wrist shot by Anthony Duclair.
12:44 of 3rd period - Shot Misses the Net.
12:46 of 3rd period - Slapshot by Thomas Hickey.
12:46 of 3rd period - Stopped by Antti Niemi with a rebound.
12:48 of 3rd period - Snap shot by Jamie McGinn.
12:48 of 3rd period - Stopped by Antti Niemi with a rebound.
13:10 of 3rd period - Snap shot by Jamie McGinn.
13:10 of 3rd period - Shot Misses the Net.
13:16 of 3rd period - Snap shot by Anthony Duclair.
13:16 of 3rd period - Shot Blocked by Jeff Petry.
13:50 of 3rd period - Snap shot by Anthony Duclair.
13:50 of 3rd period - Deflect By Jamie McGinn.
13:50 of 3rd period - Shot Misses the Net.
13:50 of 3rd period - Puck is out of play.
13:51 of 3rd period - Vladimir Sobotka wins face-off versus Leon Draisaitl in Montreal Canadiens zone.
13:58 of 3rd period - Snap shot by Artturi Lehkonen.
13:58 of 3rd period - Deflect By Anthony Beauvillier.
13:58 of 3rd period - Goal by Anthony Beauvillier - Arizona Coyotes : 5 - Montreal Canadiens : 3.
13:59 of 3rd period - Andrew Shaw wins face-off versus Leon Draisaitl in neutral zone.
14:01 of 3rd period - Off-side.
14:02 of 3rd period - Andrew Shaw wins face-off versus Leon Draisaitl in neutral zone.
14:13 of 3rd period - Wrist shot by Brendan Gallagher.
14:13 of 3rd period - Stopped by Louis Domingue with a rebound.
14:15 of 3rd period - Wrist shot by Brendan Gallagher.
14:15 of 3rd period - Stopped by Louis Domingue without a rebound.
14:16 of 3rd period - Vladimir Sobotka wins face-off versus Jordan Martinook in Arizona Coyotes zone.
14:23 of 3rd period - Wrist shot by Artturi Lehkonen.
14:23 of 3rd period - Shot Misses the Net.
15:06 of 3rd period - Snap shot by Brendan Gallagher.
15:06 of 3rd period - Shot Blocked by Ryan Sproul.
15:08 of 3rd period - Snap shot by Brendan Gallagher.
15:08 of 3rd period - Stopped by Louis Domingue with a rebound.
15:44 of 3rd period - Slapshot by P.K. Subban.
15:44 of 3rd period - Stopped by Louis Domingue without a rebound.
15:45 of 3rd period - Vladimir Sobotka wins face-off versus Dylan Strome in Arizona Coyotes zone.
16:09 of 3rd period - Jeff Petry is hit by Zac Rinaldo and loses puck.
16:16 of 3rd period - Snap shot by Nick Cousins.
16:16 of 3rd period - Stopped by Antti Niemi without a rebound.
16:17 of 3rd period - Tomas Plekanec wins face-off versus Leon Draisaitl in Montreal Canadiens zone.
16:25 of 3rd period - Adam Clendening is hit by Esa Lindell.
16:43 of 3rd period - Thomas Hickey is hit by Esa Lindell and loses puck.
17:14 of 3rd period - Snap shot by Max Domi.
17:14 of 3rd period - Shot Misses the Net.
18:06 of 3rd period - Wrist shot by Vladimir Sobotka.
18:06 of 3rd period - Stopped by Louis Domingue without a rebound.
18:07 of 3rd period - Jordan Martinook wins face-off versus Vladimir Sobotka in Arizona Coyotes zone.
18:51 of 3rd period - Off-side.
18:52 of 3rd period - Max Domi wins face-off versus Tomas Plekanec in neutral zone.
Goals for this period are 3 for Arizona Coyotes vs 2 for Montreal Canadiens.
Shots for this period are 15 for Arizona Coyotes vs 16 for Montreal Canadiens.